 Dungeon Crawl Stone Soup version 0.21.1-1-g345015f (webtiles) character file.

62 Iko the Grasshopper (level 3, 0/33 HPs)
             Began as a Deep Dwarf Warper on May 26, 2018.
             Slain by an ogre
             ... wielding a +0 giant spiked club
              (29 damage)
             ... on level 5 of the Dungeon.
             The game lasted 00:05:45 (410 turns).

Iko the Grasshopper (Deep Dwarf Warper)              Turns: 410, Time: 00:05:46

Health: 0/33       AC:  5    Str: 18    XL:     3   Next: 85%
Magic:  3/3        EV: 11    Int: 13    God:
Gold:   81         SH:  3    Dex: 13    Spells: 6/6 levels left

rFire    . . .     SeeInvis .   e - +0 mace
rCold    . . .     Gourm    .   m - +0 buckler
rNeg     . . .     Faith    .   j - +0 ring mail
rPois    .         Spirit   .   (no helmet)
rElec    .         Reflect  .   (no cloak)
rCorr    .         Harm     .   (no gloves)
MR       .....                  (no boots)
Stlth    +.........             (no amulet)
HPRegen  0.00/turn              i - +4 ring of strength
MPRegen  0.08/turn              (no ring)

@: non-regenerating
A: damage resistance, heal wounds, sense surroundings 1, no regeneration
a: Heal Wounds


You were on level 5 of the Dungeon.
You were not hungry.

You visited 1 branch of the dungeon, and saw 5 of its levels.

You collected 81 gold pieces.

Inventory:

Hand Weapons
 e - a +0 mace (weapon)
Armour
 j - a +0 ring mail (worn)
 m - a +0 buckler (worn)
Jewellery
 i - a +4 ring of strength (left hand)
Scrolls
 a - a scroll of amnesia
 d - a scroll of blinking
Potions
 g - a potion of flight
Books
 c - a book of Spatial Translocations

   Spells                             Type                      Level
   a - Blink                          Translocation                2
   b - Shroud of Golubria             Charms/Translocation         2
   c - Lesser Beckoning               Translocation                3
   d - Gell's Gravitas                Translocation                3
   e - Teleport Other                 Translocation                3
   f - Passage of Golubria            Translocation                4
 h - a book of Callings

   Spells                             Type                      Level
   a - Summon Small Mammal            Summoning                    1
   b - Call Imp                       Summoning                    2
   c - Call Canine Familiar           Summoning                    3
   d - Summon Guardian Golem          Hexes/Summoning              3
   e - Summon Lightning Spire         Summoning/Air                4
   f - Summon Ice Beast               Ice/Summoning                4
Comestibles
 f - 3 rations


   Skills:
 + Level 2.5 Fighting
 + Level 0.4 Maces & Flails
   Level 2.3 Polearms
 + Level 1.1 Throwing
 + Level 1.4 Armour
 + Level 2.9 Dodging
 + Level 2.0 Spellcasting
   Level 3.2 Translocations


You had 6 spell levels left.
You didn't know any spells.

Dungeon Overview and Level Annotations

Branches:
Dungeon (5/15)
 Temple: D:4-7

Altars:

Annotations:
D:4 Eustachio


Innate Abilities, Weirdness & Mutations

You are resistant to damage.
You can heal yourself by infusing magical energy.
You passively map a small area around you.
You do not regenerate.


Message History

You hit the ogre but do no damage.
The ogre is moderately wounded.
The ogre misses you.
You barely miss the ogre.
The ogre is moderately wounded.
The ogre closely misses you.
You hit the ogre.
The ogre is heavily wounded.
You block the ogre's attack.
You hit the ogre but do no damage.
The ogre is heavily wounded.
You block the ogre's attack.
You barely miss the ogre.
The ogre is heavily wounded.
The ogre completely misses you.
You sock the ogre!
The ogre is almost dead.
The ogre hits you with a giant spiked club!!
Ouch! That really hurt!
You die...

* * , ,, #
########..
#.#.<.......
,*
#.#.#######.
*
#..........
###.#######,
#..@.# *
#..O>......
* *
#.(..######
, ##.### * *
#. , , * #.
* #. #. , *


You could see an ogre.

Vanquished Creatures
  An orc priest (D:3)
  2 adders
  A worm (D:4)
  2 orcs (D:3)
  2 bats (D:3)
  2 hobgoblins (D:3)
  A frilled lizard (D:3)
  A kobold (D:2)
  A quokka skeleton (D:4)
  A rat (D:3)
14 creatures vanquished.

Notes
Turn   | Place    | Note
-------+----------+-------------------------------------------
     0 | D:1      | Iko the Deep Dwarf Warper began the quest for the Orb.
     0 | D:1      | Reached XP level 1. HP: 19/19 MP: 3/3
    97 | D:3      | Reached skill level 1 in Throwing
   186 | D:3      | Noticed an orc priest
   206 | D:3      | Killed an orc priest
   206 | D:3      | Reached XP level 2. HP: 21/26 MP: 4/4
   206 | D:3      | Reached XP level 3. HP: 26/32 MP: 5/5
   299 | D:4      | Noticed Eustachio
   394 | D:5      | Entered Level 5 of the Dungeon
   396 | D:5      | Noticed an ogre
   410 | D:5      | Slain by an ogre

Skill      XL: |  1 |
---------------+----+-----
Throwing       | 1 |  1.1
Polearms       | 2 |  2.3
Fighting       | 2 |  2.5
Spellcasting   | 2 |  2.0
Maces & Flails | |  0.4
Armour         | |  1.4
Dodging        | |  2.9
Translocations | |  3.2

Action                   || total
-------------------------++-------
Melee: Spear             ||    26
       Mace              ||    49
Throw: Tomahawk          ||     5
 Abil: Heal Wounds       ||     3
  Use: Scroll            ||     4
       Potion            ||     4
 Stab: Sleeping          ||     1
Armor: Leather armour    ||    24
       Ring mail         ||     1
Dodge: Dodged            ||    52
Block: Buckler           ||     8
